 Dungeon Crawl Stone Soup version 0.25-a0-734-g73332aeda9 (webtiles) character file.

Game seed: 4647683553935774074, levelgen mode: deterministic

60891 tilp the Arsonist (level 15, -6/115 HPs)
             Began as a Gnoll Wanderer on Apr 10, 2020.
             Was the Champion of Cheibriados.
             Mangled by Rupert
             ... wielding a +2 antimagic great sword
              (12 damage)
             ... on level 12 of the Dungeon.
             The game lasted 00:57:14 (24941 turns).

tilp the Arsonist (Gnoll Wanderer)                 Turns: 24941, Time: 00:57:15

Health: -6/115     AC: 29    Str: 33    XL:     15   Next: 1%
Magic:  1/28       EV: 13    Int: 37    God:    Cheibriados [******]
Gold:   692        SH: 18    Dex: 30    Spells: 9/33 levels left

rFire    + . .     SeeInvis +   a - +4 trident "Koitt" {freeze, Str+3}
rCold    + . .     Gourm    .   f - +0 kite shield {rC+}
rNeg     + . .     Faith    .   S - +0 crystal plate armour
rPois    +         Spirit   .   s - +2 helmet
rElec    .         Reflect  +   t - +1 cloak "Onijaxti" {MR+ SInv}
rCorr    .         Harm     .   U - +0 pair of gloves
MR       ++...                  q - +1 pair of boots
Stlth    ..........             v - amulet of Pitumeg {Reflect Int+2 SH+3 SInv}
HPRegen  0.29/turn              I - ring "Nisufituf" {rPois rN+}
MPRegen  0.21/turn              D - ring of protection from fire

@: about to teleport, very slightly contaminated, very slow
A: distributed training, fangs 1, strong nose
a: Bend Time, Temporal Distortion, Slouch, Step From Time, Renounce Religion


You were on level 12 of the Dungeon.
You worshipped Cheibriados.
Cheibriados was exalted by your worship.
You were very full.

You visited 4 branches of the dungeon, and saw 21 of its levels.

You collected 2399 gold pieces.
You spent 1707 gold pieces at shops.

Inventory:

Hand Weapons
 a - the +4 trident "Koitt" (weapon) {freeze, Str+3}
   (You found it on level 4 of the Dungeon)

   It has been specially enchanted to freeze those struck by it, causing extra
   injury to most foes and up to half again as much damage against particularly
   susceptible opponents.
   It can also slow down cold-blooded creatures.
   It affects your strength (+3).
 b - the +7 spear "Gnoll's Doom" {vorpal, Int+7}
   (You found it on level 9 of the Dungeon)

   It inflicts extra damage upon your enemies.
   It affects your intelligence (+7).
 E - the +8 short sword "Aczyb" {freeze, rF+ rC+ Int-3}
   (You found it on level 5 of the Dungeon)

   It has been specially enchanted to freeze those struck by it, causing extra
   injury to most foes and up to half again as much damage against particularly
   susceptible opponents.
   It can also slow down cold-blooded creatures.
   It affects your intelligence (-3).
   It protects you from fire.
   It protects you from cold.
Missiles
 h - 2 boomerangs of dispersal
 m - 87 poisoned darts (quivered)
 u - 60 boomerangs
 T - a curare-tipped dart
 V - 8 javelins
 X - a throwing net {!f}
Armour
 d - a +1 cloak of invisibility
 f - a +0 kite shield of cold resistance (worn)
 q - a +1 pair of boots (worn)
 s - a +2 helmet (worn)
 t - the +1 cloak "Onijaxti" (worn) {MR+ SInv}
   (You found it on level 6 of the Dungeon)

   It affects your resistance to hostile enchantments.
   It lets you see invisible.
 S - a +0 crystal plate armour (worn)
 U - a +0 pair of gloves (worn)
Jewellery
 v - the amulet of Pitumeg (around neck) {Reflect Int+2 SH+3 SInv}
   (You bought it in a shop on level 2 of the Orcish Mines)

   [amulet of reflection]

   It shields you and reflects attacks.
   It affects your intelligence (+2).
   It lets you see invisible.
   It affects your SH (+3).
 C - an uncursed ring of resist corrosion
 D - a ring of protection from fire (right hand)
 I - the ring "Nisufituf" (left hand) {rPois rN+}
   (You found it on level 4 of the Lair of Beasts)

   [ring of poison resistance]

   It protects you from poison.
   It protects you from negative energy.
 Q - an uncursed ring of flight
Wands
 B - a wand of enslavement (2)
 J - a wand of clouds (12)
 L - a wand of flame (2)
 M - a wand of polymorph (6)
 N - a wand of digging (4)
 P - a wand of paralysis (10)
Scrolls
 k - 3 scrolls of fog
 l - 3 scrolls of amnesia
 n - 4 scrolls of enchant weapon
 o - 4 scrolls of magic mapping
 r - 2 scrolls of blinking
 w - 7 scrolls of remove curse
 x - 3 scrolls of teleportation
 y - a scroll of holy word {unknown}
 A - 4 scrolls of fear
 R - a scroll of silence {unknown}
Potions
 e - a potion of ambrosia
 g - 10 potions of curing
 j - 2 potions of mutation
 p - 2 potions of flight
 z - 6 potions of brilliance
 F - 4 potions of stabbing
 G - 2 potions of invisibility
 H - 5 potions of lignification
 K - 3 potions of heal wounds
 O - 3 potions of resistance
 W - a potion of might
 Z - 2 potions of magic
Miscellaneous
 Y - a tin of tremorstones
Comestibles
 c - 46 rations
 i - 5 chunks of flesh


   Skills:
 + Level 9.9 Fighting
 + Level 9.5 Short Blades
 + Level 9.5 Long Blades
 + Level 9.5 Axes
 + Level 10.5 Maces & Flails
 + Level 9.5 Polearms
 + Level 9.5 Staves
 + Level 9.5 Slings
 + Level 9.5 Bows
 + Level 9.5 Crossbows
 + Level 9.5 Throwing
 + Level 9.5 Armour
 + Level 9.5 Dodging
 + Level 9.8 Stealth
 + Level 9.5 Shields
 + Level 9.5 Unarmed Combat
 + Level 9.9 Spellcasting
 + Level 8.0 Conjurations
 + Level 8.0 Hexes
 + Level 8.0 Charms
 + Level 8.0 Summonings
 + Level 8.0 Necromancy
 + Level 8.0 Translocations
 + Level 8.0 Transmutations
 + Level 10.6 Fire Magic
 + Level 8.0 Ice Magic
 + Level 8.0 Air Magic
 + Level 8.0 Earth Magic
 + Level 8.0 Poison Magic
 + Level 10.3 Invocations
 + Level 9.9 Evocations


You had 9 spell levels left.
You knew the following spells:

 Your Spells              Type           Power        Failure   Level  Hunger
a - Conjure Flame         Conj/Fire      ######..     6%          3    None
b - Ignite Poison         Fire/Tmut/Pois ######..     7%          3    None
c - Blink                 Tloc           N/A          4%          2    None
d - Ensorcelled Hibernat  Hex/Ice        ######       4%          2    None
e - Slow                  Hex            ######..     4%          2    None
f - Mephitic Cloud        Conj/Pois/Air  ######..     10%         3    None
g - Tukima's Dance        Hex            ######..     10%         3    None
h - Sticky Flame          Conj/Fire      ######..     19%         4    None
i - Animate Skeleton      Necr           N/A          3%          1    None
j - Apportation           Tloc           ######       3%          1    None

Your spell library contained the following spells:

 Spells                   Type           Power        Failure   Level  Hunger
 Foxfire                  Conj/Fire      ####         1%          1    None
 Corona                   Hex            ######.      3%          1    None
 Magic Dart               Conj           ####         3%          1    None
 Shock                    Conj/Air       ####         3%          1    None
 Summon Small Mammal      Summ           ####         3%          1    None
 Call Imp                 Summ           ######..     4%          2    None
 Corpse Rot               Necr/Air       N/A          4%          2    None
 Searing Ray              Conj           ######       4%          2    None
 Sublimation of Blood     Necr           ######....   4%          2    None
 Swiftness                Chrm/Air       ######..     4%          2    None
 Inner Flame              Hex/Fire       ######..     6%          3    None
 Confusing Touch          Hex            ######..     10%         3    None
 Dazzling Flash           Conj/Hex       ######       10%         3    None
 Gell's Gravitas          Tloc           ######....   10%         3    None
 Static Discharge         Conj/Air       ######..     10%         3    None
 Airstrike                Air            ######....   32%         4    None
 Dispel Undead            Necr           ######..     32%         4    None
 Fulminant Prism          Conj/Hex       ######....   32%         4    None
 Iskenderun's Mystic Bla  Conj/Tloc      ######..     32%         4    None
 Petrify                  Tmut/Erth      ######..     32%         4    None
 Fireball                 Conj/Fire      ######....   47%         5    ##.....
 Bolt of Magma            Conj/Fire/Erth ######....   54%         5    ##.....
 Agony                    Necr           ######..     65%         5    ##.....
 Excruciating Wounds      Chrm/Necr      ######....   65%         5    ##.....
 Iskenderun's Battlesphe  Conj/Chrm      ######..     65%         5    ##.....
 Lightning Bolt           Conj/Air       ######....   65%         5    ##.....
 Metabolic Englaciation   Hex/Ice        ######....   65%         5    ##.....
 Yara's Violent Unravell  Hex/Tmut       ######....   65%         5    ##.....
 Iron Shot                Conj/Erth      ######....   99%         6    ####...
 Orb of Destruction       Conj           ######....   100%        7    ######.
 Spellforged Servitor     Conj/Summ      ######....   100%        7    ######.


Dungeon Overview and Level Annotations

Branches:
Dungeon (12/15)            Temple (1/1) D:5            Lair (6/6) D:11
 Shoals (0/4) Lair:3       Spider (0/4) Lair:3        Slime (0/5) Lair:5
    Orc (2/2) D:9             Elf (0/3) Orc:2

Altars:
Ashenzari
Cheibriados
Dithmenos
Elyvilon
Fedhas
Gozag
Hepliaklqana
Kikubaaqudgha
Makhleb
Nemelex Xobeh
Okawaru
Qazlal
Ru
Sif Muna
Trog
Uskayaw
Vehumet
Wu Jian
Xom
Yredelemnul
Zin
The Shining One
Jiyva

Shops:
D:6 =}?   D:10 %   Orc:2 *[=}

Annotations:
D:2 Sigmund
D:5 1 runed translucent door, Crazy Yiuf
D:12 Rupert


Innate Abilities, Weirdness & Mutations

Your experience applies equally to all skills.
You have very sharp teeth.
Your uncanny sense of smell can sniff out nearby items.


Message History

Aim: Rupert, wielding a +2 antimagic great sword and wearing a +2 leather armour of poison resistance (severely wounded, berserk, fast, unusually strong)
You throw a poisoned dart.
The poisoned dart closely misses Rupert.
Rupert rages.
Throwing (i - inventory. (/) - cycle)
m - 88 poisoned darts (quivered)
Press: ? - help, Shift-Dir - straight line, f/p - Rupert
Aim: Rupert, wielding a +2 antimagic great sword and wearing a +2 leather armour of poison resistance (severely wounded, berserk, fast, unusually strong)
You throw a poisoned dart. The poisoned dart hits Rupert!!
Rupert is severely wounded.
Casting: Slow (safe; 4% risk of failure)
Confirm with . or Enter, or press ? or * to list all spells.
Okay, then.
As you read the scroll of teleportation, it crumbles to dust.
You feel strangely unstable.
As you read the scroll of fear, it crumbles to dust.
You assume a fearsome visage.
Rupert resists with almost no effort.
You block Rupert's attack.
Unknown command.
Rupert hits you with a +2 antimagic great sword!
You die...

.......### #........# ......
.......+.## #........# ###......
.......#..###........###.)(<....
÷......##..##........##.(#
.......###.##....>...##(##
.......# #..'........(..#
.......# ####...^....#### ∆
†.....<# #........# <......#
#...@@.÷.# .......# #######'##
###..### #.# ##..## ##.# .....#
##..#
.....############..########
.....'...............(....+
.....############.#########
.....# #.#


You could see Rupert (berserk).

Vanquished Creatures
  2 entropy weavers (Lair:4)
  Snorg (Lair:3)
  Erolcha (D:12)
  3 catoblepae (Lair:6)
  5 hydras
  3 two-headed ogres
  10 death yaks
  A queen ant (Lair:4)
  An orc high priest (Orc:1)
  Nergalle (Lair:2)
  3 unseen horrors
  2 orc knights (Orc:2)
  An orc sorcerer (Orc:1)
  3 cyclopes
  2 ugly things
  3 manticores
  2 black mambas
  Joseph (D:8)
  Psyche (D:8)
  9 spiny frogs
  A gargoyle (D:7)
  2 rime drakes (Lair:3)
  4 komodo dragons
  5 trolls
  3 merfolk (Lair:3)
  10 blink frogs
  A hornet (D:12)
  8 hippogriffs
  2 shadows (D:11)
  2 vampires (D:11)
  2 basilisks
  2 wyverns
  46 yaks
  4 vampire mosquitoes (D:12)
  Eustachio (D:5)
  A steam dragon (D:12)
  3 wargs (Orc:1)
  6 soldier ants
  9 water moccasins
  40 orc warriors
  10 porcupines
  2 black bears
  An ice beast (D:6)
  A sky beast (D:6)
  A phantom (D:4)
  An eye of draining (D:12)
  12 centaurs (Orc:2)
  12 ogres
  7 wolves
  14 crocodiles
  5 big kobolds
  13 bullfrogs
  Blork the orc (D:5)
  A gnoll sergeant (D:6)
  2 water moccasin zombies
  A water moccasin skeleton (D:5)
  3 scorpions
  12 killer bees
  5 electric eels
  8 wights
  2 howler monkeys
  6 jellies
  A bullfrog zombie (D:10)
  A lava snake (Lair:5)
  7 crimson imps
  A centaur zombie (D:5)
  9 hounds
  A gnoll shaman (D:8)
  15 orc priests
  3 bullfrog skeletons
  4 centaur skeletons
  18 orc wizards
  Jessica (D:2)
  6 iguanas
  Natasha (thrice) (D:2)
  14 hell rats
  12 worker ants
  A hound zombie (D:7)
  A hound skeleton (D:4)
  Robin (D:2)
  6 gnolls
  A howler monkey skeleton (D:5)
  16 adders
  12 river rats (Lair:3)
  4 shadow imps
  8 oozes
  An adder skeleton (D:4)
  2 worms (D:2)
  2 dart slugs
  5 leopard geckos
  85 orcs
  7 bats
  2 giant cockroaches (D:7)
  13 goblins
  7 hobgoblins
  4 jackals
  30 kobolds
  13 quokkas
  8 frilled lizards
  A jackal skeleton (D:6)
  A leopard gecko skeleton (D:4)
  A quokka skeleton (D:7)
  14 rats
669 creatures vanquished.

Vanquished Creatures (collateral kills)
  Pikel (D:7)
1 creature vanquished.

Vanquished Creatures (others)
  A bullfrog (D:8)
  15 fungi
  15 plants
31 creatures vanquished.

Grand Total: 701 creatures vanquished

Notes
Turn   | Place    | Note
-------+----------+-------------------------------------------
     0 | D:1      | tilp the Gnoll Wanderer began the quest for the Orb.
     0 | D:1      | tilp set off with the following items: a +2 mace, a potion
                  | of lignification, a +0 robe, a ration; and the following
                  | spell memorised: Foxfire; and the following spells
                  | available to memorise: Ignite Poison
     0 | D:1      | Reached XP level 1. HP: 17/17 MP: 4/4
   169 | D:1      | Reached XP level 2. HP: 20/23 MP: 5/5
   750 | D:2      | Found a faded altar of an unknown god.
   989 | D:2      | Noticed Sigmund
  1070 | D:2      | Noticed Jessica
  1076 | D:2      | Killed Jessica
  1076 | D:2      | Reached skill level 1 in Invocations
  1076 | D:2      | Reached XP level 3. HP: 28/28 MP: 7/7
  1092 | D:2      | Reached skill level 1 in Short Blades
  1092 | D:2      | Reached skill level 1 in Long Blades
  1092 | D:2      | Reached skill level 1 in Axes
  1092 | D:2      | Reached skill level 1 in Polearms
  1092 | D:2      | Reached skill level 1 in Staves
  1092 | D:2      | Reached skill level 1 in Slings
  1092 | D:2      | Reached skill level 1 in Bows
  1092 | D:2      | Reached skill level 1 in Crossbows
  1092 | D:2      | Reached skill level 1 in Throwing
  1092 | D:2      | Reached skill level 1 in Armour
  1092 | D:2      | Reached skill level 1 in Dodging
  1092 | D:2      | Reached skill level 1 in Shields
  1092 | D:2      | Reached skill level 1 in Unarmed Combat
  1121 | D:2      | Reached XP level 4. HP: 29/34 MP: 8/8
  1348 | D:2      | Noticed Robin
  1363 | D:2      | Killed Robin
  1426 | D:2      | Reached skill level 1 in Conjurations
  1426 | D:2      | Reached skill level 1 in Hexes
  1426 | D:2      | Reached skill level 1 in Charms
  1426 | D:2      | Reached skill level 1 in Summonings
  1426 | D:2      | Reached skill level 1 in Necromancy
  1426 | D:2      | Reached skill level 1 in Translocations
  1426 | D:2      | Reached skill level 1 in Transmutations
  1426 | D:2      | Reached skill level 1 in Ice Magic
  1426 | D:2      | Reached skill level 1 in Air Magic
  1426 | D:2      | Reached skill level 1 in Earth Magic
  1426 | D:2      | Reached skill level 1 in Poison Magic
  1508 | D:2      | Noticed Natasha
  1519 | D:2      | Killed Natasha
  1519 | D:2      | Reached XP level 5. HP: 40/40 MP: 9/9
  1702 | D:2      | Noticed Natasha
  1710 | D:2      | Killed Natasha
  1944 | D:2      | Noticed Natasha
  1949 | D:2      | Killed Natasha
  2030 | D:3      | Learned a level 3 spell: Ignite Poison
  2324 | D:3      | Reached XP level 6. HP: 30/47 MP: 10/10
  3176 | D:4      | Reached skill level 5 in Maces & Flails
  3573 | D:4      | Got a fine trident
  3575 | D:4      | Identified the +4 trident "Koitt" {freeze, Str+3} (You
                  | found it on level 4 of the Dungeon)
  3673 | D:4      | Reached XP level 7. HP: 52/52 MP: 12/12
  3756 | D:4      | Found a blossoming altar of Fedhas.
  3910 | D:5      | Entered Level 5 of the Dungeon
  3957 | D:5      | Found a staircase to the Ecumenical Temple.
  3958 | D:5      | Noticed Eustachio
  3991 | D:5      | Killed Eustachio
  3998 | D:5      | Reached XP level 8. HP: 42/60 MP: 12/14
  4316 | D:5      | Noticed Blork the orc
  4331 | D:5      | Killed Blork the orc
  4431 | D:5      | Found a runed translucent door.
  4432 | D:5      | Noticed Crazy Yiuf
  4643 | D:5      | Found a glowing silver altar of Zin.
  4892 | D:6      | Found a hide-covered altar of Uskayaw.
  4900 | D:6      | Found Nint's Gadget Boutique.
  5124 | D:6      | Found Puagupyptof's Magic Scroll Boutique.
  5132 | D:6      | Bought a scroll of random uselessness for 13 gold pieces
  5132 | D:6      | Bought a scroll of identify for 26 gold pieces
  5132 | D:6      | Bought a scroll of teleportation for 39 gold pieces
  5132 | D:6      | Bought a scroll of remove curse for 39 gold pieces
  5132 | D:6      | Bought a scroll of remove curse for 39 gold pieces
  5132 | D:6      | Bought a scroll of enchant armour for 97 gold pieces
  5177 | D:6      | Reached XP level 9. HP: 26/66 MP: 14/16
  5457 | D:6      | Found Sozaem's Jewellery Emporium.
  5509 | D:6      | Found a shattered altar of Ashenzari.
  5586 | D:6      | Got a translucent cloak
  5639 | D:6      | Reached skill level 5 in Spellcasting
  5648 | D:6      | Found a burning altar of Makhleb.
  5662 | D:6      | Identified the +1 cloak "Onijaxti" {MR+ SInv} (You found it
                  | on level 6 of the Dungeon)
  5910 | D:7      | Noticed a gargoyle
  6101 | D:7      | Reached skill level 5 in Fighting
  6101 | D:7      | Reached skill level 5 in Evocations
  6419 | D:7      | Reached skill level 5 in Stealth
  6668 | D:7      | Killed a gargoyle
  6950 | D:7      | Noticed Pikel
  6957 | D:7      | Killed Pikel
  6957 | D:7      | Reached skill level 5 in Invocations
  7069 | D:7      | Reached XP level 10. HP: 74/74 MP: 18/18
  7200 | D:6      | Bought a scroll of enchant armour for 97 gold pieces
  7806 | D:8      | Noticed Joseph
  7825 | D:8      | Killed Joseph
  7825 | D:8      | Reached skill level 5 in Short Blades
  7825 | D:8      | Reached skill level 5 in Long Blades
  7825 | D:8      | Reached skill level 5 in Axes
  7825 | D:8      | Reached skill level 5 in Polearms
  7825 | D:8      | Reached skill level 5 in Staves
  7825 | D:8      | Reached skill level 5 in Slings
  7825 | D:8      | Reached skill level 5 in Bows
  7825 | D:8      | Reached skill level 5 in Crossbows
  7825 | D:8      | Reached skill level 5 in Throwing
  7825 | D:8      | Reached skill level 5 in Armour
  7825 | D:8      | Reached skill level 5 in Dodging
  7825 | D:8      | Reached skill level 5 in Shields
  7825 | D:8      | Reached skill level 5 in Unarmed Combat
  7923 | D:8      | Found a shimmering blue altar of Sif Muna.
  8064 | D:8      | Got a brightly glowing buckler
  8828 | D:8      | Noticed Psyche
  8847 | D:8      | Killed Psyche
  9164 | D:5      | Got a scorched short sword
  9215 | D:6      | Bought 3 scrolls of identify for 78 gold pieces
  9215 | D:6      | Identified the +8 short sword "Aczyb" {freeze, rF+ rC+
                  | Int-3} (You found it on level 5 of the Dungeon)
  9217 | D:6      | Identified the +1 buckler "Zoutraar" {Dex+3} (You found it
                  | on level 8 of the Dungeon)
  9330 | Temple   | Entered the Ecumenical Temple
  9508 | Temple   | Became a worshipper of Cheibriados the Contemplative
  9686 | D:9      | Found an iron altar of Okawaru.
  9691 | D:9      | Got a blackened spear
  9755 | D:9      | Found a staircase to the Orcish Mines.
 10020 | D:9      | Found a shadowy altar of Dithmenos.
 10022 | D:9      | Found a glowing silver altar of Zin.
 10022 | D:9      | Found a sacrificial altar of Ru.
 10024 | D:9      | Found a shimmering altar of Xom.
 10024 | D:9      | Found a stormy altar of Qazlal.
 10024 | D:9      | Found an ancient bone altar of Kikubaaqudgha.
 10306 | D:9      | Reached * piety under Cheibriados
 10436 | D:10     | Entered Level 10 of the Dungeon
 10436 | D:10     | Noticed a two-headed ogre
 10455 | D:10     | Found a shimmering altar of Xom.
 10734 | D:10     | Identified the +7 spear "Gnoll's Doom" {vorpal, Int+7} (You
                  | found it on level 9 of the Dungeon)
 10880 | D:10     | Reached ** piety under Cheibriados
 10907 | D:10     | Found Faof's Food Emporium.
 10955 | D:10     | Killed a two-headed ogre
 10955 | D:10     | Reached XP level 11. HP: 83/83 MP: 20/20
 11474 | D:10     | Noticed an unseen horror
 11481 | D:10     | Killed an unseen horror
 11720 | D:6      | Bought a scroll of identify for 26 gold pieces
 11720 | D:6      | Bought a scroll of identify for 26 gold pieces
 11720 | D:6      | Bought a scroll of identify for 26 gold pieces
 11720 | D:6      | Bought a scroll of fear for 45 gold pieces
 11864 | D:11     | Noticed a four-headed hydra
 11876 | D:11     | Killed a four-headed hydra
 11876 | D:11     | Reached skill level 5 in Conjurations
 11876 | D:11     | Reached skill level 5 in Hexes
 11876 | D:11     | Reached skill level 5 in Charms
 11876 | D:11     | Reached skill level 5 in Summonings
 11876 | D:11     | Reached skill level 5 in Necromancy
 11876 | D:11     | Reached skill level 5 in Translocations
 11876 | D:11     | Reached skill level 5 in Transmutations
 11876 | D:11     | Reached skill level 5 in Ice Magic
 11876 | D:11     | Reached skill level 5 in Air Magic
 11876 | D:11     | Reached skill level 5 in Earth Magic
 11876 | D:11     | Reached skill level 5 in Poison Magic
 11878 | D:11     | Noticed an unseen horror
 12139 | D:11     | Killed an unseen horror
 12146 | D:11     | Noticed an unseen horror
 12167 | D:11     | Killed an unseen horror
 12267 | D:11     | Reached *** piety under Cheibriados
 12770 | D:11     | Found a staircase to the Lair.
 12826 | D:11     | Reached **** piety under Cheibriados
 12955 | D:11     | Noticed a green ugly thing
 12966 | D:11     | Killed a green ugly thing
 13172 | D:11     | Noticed a cyclops
 13176 | D:11     | Killed a cyclops
 13176 | D:11     | Reached XP level 12. HP: 87/91 MP: 21/23
 13184 | D:11     | Learned a level 3 spell: Conjure Flame
 13187 | D:11     | Learned a level 2 spell: Blink
 13190 | D:11     | Learned a level 2 spell: Ensorcelled Hibernation
 13193 | D:11     | Learned a level 2 spell: Slow
 13197 | D:11     | Learned a level 3 spell: Mephitic Cloud
 13201 | D:11     | Learned a level 3 spell: Tukima's Dance
 13206 | D:11     | Learned a level 4 spell: Sticky Flame
 13373 | Lair:1   | Entered Level 1 of the Lair of Beasts
 14116 | Lair:2   | Noticed Nergalle
 14142 | Lair:2   | Killed Nergalle
 14508 | Lair:2   | Reached ***** piety under Cheibriados
 15342 | Lair:3   | Noticed Snorg
 15486 | Lair:3   | Found a hole to the Spider Nest.
 16044 | Lair:3   | Found a staircase to the Shoals.
 16110 | Lair:3   | Noticed an eight-headed hydra
 16124 | Lair:3   | Killed an eight-headed hydra
 16323 | Lair:3   | Killed Snorg
 16531 | Lair:3   | Noticed a six-headed hydra
 16535 | Lair:3   | Reached XP level 13. HP: 97/98 MP: 25/25
 17075 | Lair:3   | Reached ****** piety under Cheibriados
 17887 | Lair:4   | Noticed an entropy weaver
 17892 | Lair:4   | Noticed an entropy weaver
 17899 | Lair:4   | Killed an entropy weaver
 17909 | Lair:4   | Killed an entropy weaver
 18374 | Lair:4   | Reached skill level 10 in Fire Magic
 18869 | Lair:4   | Got a bound brass ring
 19110 | Lair:4   | Identified the ring "Nisufituf" {rPois rN+} (You found it
                  | on level 4 of the Lair of Beasts)
 19654 | Lair:5   | Found a viscous altar of Jiyva.
 19655 | Lair:5   | Found a staircase to the Slime Pits.
 19973 | Lair:5   | Learned a level 1 spell: Animate Skeleton
 19975 | Lair:5   | Learned a level 1 spell: Apportation
 20033 | Lair:6   | Entered Level 6 of the Lair of Beasts
 20203 | Lair:6   | Got a translucent hand axe
 20218 | Lair:6   | Reached XP level 14. HP: 108/108 MP: 27/27
 21017 | Lair:6   | Reached skill level 10 in Maces & Flails
 21372 | Lair:6   | Identified the +5 hand axe of Owkiti {flame, rC+ SInv} (You
                  | found it on level 6 of the Lair of Beasts)
 21750 | Orc:1    | Entered Level 1 of the Orcish Mines
 22177 | Orc:2    | Entered Level 2 of the Orcish Mines
 22177 | Orc:2    | Found a staircase to the Elven Halls.
 22389 | Orc:1    | Reached skill level 10 in Invocations
 23241 | Orc:2    | Found Qiemouto's Jewellery Emporium.
 23241 | Orc:2    | Found Urrywoawn's Antique Armour Boutique.
 23243 | Orc:2    | Found Uqavawn's General Store.
 23245 | Orc:2    | Found Bofferoc's Gadget Shoppe.
 23733 | Orc:2    | HP: 1/109 [orc warrior/cursed -1 long sword (9)]
 24293 | Orc:2    | Bought the amulet of Pitumeg {Reflect Int+2 SH+3 SInv} for
                  | 466 gold pieces
 24300 | Orc:2    | Bought a scroll of enchant armour for 97 gold pieces
 24302 | Orc:2    | Bought a glowing kite shield for 277 gold pieces
 24302 | Orc:2    | Bought a runed cloak for 277 gold pieces
 24351 | Orc:2    | Bought a potion of curing for 39 gold pieces
 24905 | D:12     | Noticed Erolcha
 24912 | D:12     | Killed Erolcha
 24912 | D:12     | Reached XP level 15. HP: 115/115 MP: 25/28
 24912 | D:12     | Noticed Rupert
 24922 | D:12     | Paralysed by Rupert for 7 turns
 24933 | D:12     | HP: 3/115 [Rupert/+2 antimagic great sword (14)]
 24941 | D:12     | Mangled by Rupert

Levels and vault maps discovered:
D:1:      minmay_arrival_hallway, layout_loops_ring,
          chequers_serial_rivers_micro_e, minmay_strange_pillars
D:2:      layout_loops_corners, chequers_ecumenical_altar_island, first_ration,
          kennysheep_generic_room_5, uniq_sigmund, uniq_natasha, uniq_jessica,
          uniq_robin
D:3:      layout_loops_corners
D:4:      layout_basic, marbit_many_paths, minmay_close_crescents
D:5:      layout_loops_ring, zin_treasury, minmay_temple_entry_grid,
          uniq_eustachio, uniq_crazy_yiuf_cottage, uniq_blork_the_orc
D:6:      layout_basic, makhleb_heckhound_becter, nicolae_ashenzari_panopticon,
          lemuel_round_altar, serial_shops, shop, shop, nicolae_shop_stone
D:7:      layout_loops_corners, uniq_pikel
D:8:      layout_basic, lemuel_round_altar, uniq_psyche, uniq_joseph
D:9:      layout_roguey, doesnt_xom_only_xom, okawaru_ov_weapons_minmay,
          orc_0_dummy, hangedman_little_slice_of_home, corexii_hall_statues_i
D:10:     layout_basic, serial_shops, nicolae_shop_window_shopping, basic_altar
D:11:     layout_basic, grunt_lair_entry_orc_guard_hut
D:12:     layout_roguey, guppyfry_shop_venom, uniq_rupert, uniq_erolcha
Temple:   eino_narrow_crystal_temple
Lair:1:   wander_river, layout_loops_ring, serial_bayou_shore_b
Lair:2:   layout_chaotic_city, uniq_nergalle
Lair:3:   lemuel_ratsnest, layout_cave_pods, elwin_shoals_entry_rooms,
          spider_nest_entry_web_field, beast_lair_carwin_5, uniq_snorg
Lair:4:   layout_long_grid, wad_woods_antlair
Lair:5:   layout_gridlike, slime_altar_1
Lair:6:   evilmike_catoblepas_cave, layout_cave_pods
Orc:1:    layout_diamond_mine
Orc:2:    st_orc_rangers, layout_caves

Skill      XL: |  1  2  3  4  5  6  7  8  9 10 11 12 13 14 |
---------------+-------------------------------------------+-----
Invocations    | 1 2 3 4 5 6 7 8 9 10 | 10.3
Short Blades   | 1 2 3 4 5 6 7 8 9 |  9.5
Long Blades    | 1 2 3 4 5 6 7 8 9 |  9.5
Axes           | 1 2 3 4 5 6 7 8 9 |  9.5
Polearms       | 1 2 3 4 5 6 7 8 9 |  9.5
Staves         | 1 2 3 4 5 6 7 8 9 |  9.5
Slings         | 1 2 3 4 5 6 7 8 9 |  9.5
Bows           | 1 2 3 4 5 6 7 8 9 |  9.5
Crossbows      | 1 2 3 4 5 6 7 8 9 |  9.5
Throwing       | 1 2 3 4 5 6 7 8 9 |  9.5
Armour         | 1 2 3 4 5 6 7 8 9 |  9.5
Dodging        | 1 2 3 4 5 6 7 8 9 |  9.5
Shields        | 1 2 3 4 5 6 7 8 9 |  9.5
Unarmed Combat | 1 2 3 4 5 6 7 8 9 |  9.5
Spellcasting   | 3 4 5 6 7 8 9 |  9.9
Conjurations   | 1 2 3 4 5 6 7 8 |  8.0
Hexes          | 1 2 3 4 5 6 7 8 |  8.0
Charms         | 1 2 3 4 5 6 7 8 |  8.0
Summonings     | 1 2 3 4 5 6 7 8 |  8.0
Necromancy     | 1 2 3 4 5 6 7 8 |  8.0
Translocations | 1 2 3 4 5 6 7 8 |  8.0
Transmutations | 1 2 3 4 5 6 7 8 |  8.0
Ice Magic      | 1 2 3 4 5 6 7 8 |  8.0
Air Magic      | 1 2 3 4 5 6 7 8 |  8.0
Earth Magic    | 1 2 3 4 5 6 7 8 |  8.0
Poison Magic   | 1 2 3 4 5 6 7 8 |  8.0
Fighting       | 3 4 5 6 7 8 9 |  9.9
Evocations     | 3 4 5 6 7 8 9 |  9.9
Stealth        | 3 4 5 6 7 8 9 |  9.8
Maces & Flails | 5 6 7 8 9 10 | 10.5
Fire Magic     | 8 9 10 | 10.6

Action                   |  1- 3 |  4- 6 |  7- 9 | 10-12 | 13-15 || total
-------------------------+-------+-------+-------+-------+-------++-------
Melee: Mace              |    43 |   213 |       |       |       ||   256
       Bite              |     4 |    15 |    40 |   148 |   235 ||   442
       Punch             |     1 |     1 |     2 |       |       ||     4
       Trident           |       |     3 |   347 |   886 |  1141 ||  2377
Throw: Dart              |       |       |    25 |    54 |    27 ||   106
       Boomerang         |       |       |     3 |     4 |    15 ||    22
       Javelin           |       |       |       |       |     4 ||     4
 Cast: Ignite Poison     |       |       |       |     3 |     5 ||     8
       Slow              |       |       |       |     2 |     3 ||     5
       Ensorcelled Hiber |       |       |       |     2 |       ||     2
       Mephitic Cloud    |       |       |       |     1 |     4 ||     5
 Abil: Evoke Flight      |       |       |       |     4 |       ||     4
Evoke: Wand              |       |       |     3 |     8 |     1 ||    12
  Use: Scroll            |     2 |     4 |     4 |    18 |    12 ||    40
       Potion            |       |       |     2 |       |     4 ||     6
 Stab: Sleeping          |       |     2 |       |       |       ||     2
       Distracted        |       |       |       |     1 |     1 ||     2
       Confused          |       |       |       |       |     7 ||     7
  Eat: Chunk             |     1 |     8 |    10 |    16 |    25 ||    60
       Ration            |       |       |       |     2 |       ||     2
Armor: Robe              |     2 |       |       |       |       ||     2
       Ring mail         |     6 |    33 |       |       |       ||    39
       Leather armour    |     1 |       |       |       |       ||     1
       Plate armour      |       |   105 |   164 |   338 |       ||   607
       Crystal plate arm |       |       |       |    77 |   380 ||   457
Dodge: Dodged            |    18 |    80 |    91 |   346 |   419 ||   954
Block: Buckler           |       |       |    31 |   315 |   205 ||   551
       Kite shield       |       |       |       |       |   505 ||   505
       Reflection        |       |       |       |       |     3 ||     3

Table legend:
 A = Non-vault XP
 B = Vault XP
 C = Vault XP percentage of total XP
 D = Non-vault monster count
 E = Vault monster count
 F = Vault count percentage of total count
                 A         B        C        D         E       F
            +---------+---------+-------+---------+---------+-------
      Total |   59200 |   27788 |  31.9 |     500 |     170 |  25.4
            +---------+---------+-------+---------+---------+-------
        D:1 |      18 |       0 |   0.0 |       9 |       0 |   0.0
        D:2 |     143 |     110 |  43.5 |      19 |      16 |  45.7
        D:3 |     105 |       0 |   0.0 |      24 |       0 |   0.0
        D:4 |     420 |      37 |   8.1 |      11 |       3 |  21.4
        D:5 |     553 |     285 |  34.0 |      18 |       2 |  10.0
        D:6 |    1458 |      42 |   2.8 |      35 |       1 |   2.8
        D:7 |    1127 |     390 |  25.7 |      19 |       1 |   5.0
        D:8 |    1723 |     852 |  33.1 |      38 |       2 |   5.0
        D:9 |     526 |     164 |  23.8 |      16 |       8 |  33.3
       D:10 |    3110 |       0 |   0.0 |      27 |       0 |   0.0
       D:11 |    6642 |     889 |  11.8 |      63 |       6 |   8.7
       D:12 |    5268 |    1019 |  16.2 |      28 |       1 |   3.4
     Lair:1 |    1294 |       0 |   0.0 |       7 |       0 |   0.0
     Lair:2 |    4762 |     773 |  14.0 |      27 |       1 |   3.6
     Lair:3 |    5666 |    3961 |  41.1 |      19 |      51 |  72.9
     Lair:4 |    8225 |    4539 |  35.6 |      22 |      15 |  40.5
     Lair:5 |    4673 |       0 |   0.0 |      23 |       0 |   0.0
     Lair:6 |    4655 |   10197 |  68.7 |      14 |      23 |  62.2
      Orc:1 |    5155 |       0 |   0.0 |      42 |       0 |   0.0
      Orc:2 |    3677 |    4530 |  55.2 |      39 |      40 |  50.6
            +---------+---------+-------+---------+---------+-------
